 Dungeon Crawl Stone Soup version 0.30-a0-639-g3916f1956a (webtiles) character file.

Game seed: 15436728837169806528

4086 acebull12 the Spear-Bearer (level 10, -3/76 HPs)
             Began as a Demonspawn Gladiator on Jan 16, 2023.
             Was an Elder of Okawaru.
             Slain by a freezing wraith (5 damage)
             ... on level 8 of the Dungeon.
             The game lasted 00:19:44 (7671 turns).

acebull12 the Spear-Bearer (Demonspawn Gladiator)   Turns: 7671, Time: 00:19:44

Health: -3/76      AC: 13    Str: 18    XL:     10   Next: 5%
Magic:  14/14      EV: 15    Int: 11    God:    Okawaru [****..]
Gold:   685        SH:  0    Dex: 20    Spells: 9/9 levels left

rFire   + . .      SeeInvis .    m - +2 spear (venom)
rCold   + . .      Faith    .    (no shield)
rNeg    . . .      Spirit   .    Q - +0 steam dragon scales
rPois   .          Reflect  .    c - +1 helmet
rElec   .          Harm     .    p - scarf {rC+ rF+}
rCorr   +          Rampage  .    (no gloves)
Will    .....                    N - +0 pair of boots
Stlth   +++                      u - amulet of regeneration
HPRegen 1.12/turn                n - +6 ring of dexterity
MPRegen 0.14/turn                (no ring)

@: hasted and slowed
A: yellow scales 3, foul stench 2, weakness stinger 2
a: Renounce Religion, Heroism, Finesse


You were on level 8 of the Dungeon.
You worshipped Okawaru.
Okawaru was greatly pleased with you.
You visited 2 branches of the dungeon, and saw 9 of its levels.
You also visited: Ossuary.

You collected 685 gold pieces.

Inventory:

Hand Weapons
 a - a +0 trident
 m - a +2 spear of venom (weapon)
Missiles
 d - 4 throwing nets (quivered)
 e - 3 javelins
 i - 51 stones
 o - 7 boomerangs
 q - 16 poisoned darts
 T - a curare-tipped dart
Armour
 c - a +1 helmet (worn)
 p - a scarf of resistance (worn)
 s - a +0 chain mail
 N - a +0 pair of boots (worn)
 Q - +0 steam dragon scales (worn)
Jewellery
 l - a ring of ice
 n - a +6 ring of dexterity (left hand)
 t - a ring of protection from fire
 u - an amulet of regeneration (around neck)
Wands
 b - a wand of mindburst (15)
 H - a wand of digging (4)
 R - a wand of paralysis (8)
 S - a wand of flame (17)
Scrolls
 g - 2 scrolls of poison
 h - a scroll of acquirement {unknown}
 j - 2 scrolls of enchant armour
 r - a scroll of immolation {unknown}
 w - a scroll of enchant weapon {unknown}
 y - 3 scrolls of teleportation
 z - a scroll of fear {unknown}
 A - 2 scrolls of identify
 C - a scroll of fog
 E - a scroll of silence {unknown}
 G - a scroll of brand weapon {unknown}
 I - 2 scrolls of noise {unknown}
 J - a scroll of magic mapping {unknown}
 L - 2 scrolls of butterflies {unknown}
 M - a scroll of blinking {unknown}
 U - a scroll of torment {unknown}
Potions
 f - 11 potions of curing
 k - 2 potions of lignification
 v - 3 potions of flight
 x - a potion of mutation {unknown}
 B - 3 potions of brilliance
 D - a potion of cancellation {unknown}
 F - 2 potions of magic {unknown}
 K - a potion of haste
 O - 3 potions of might {unknown}
 P - a potion of ambrosia {unknown}


   Skills:
 * Level 5.9 Fighting
 * Level 9.4 Polearms
 + Level 1.8 Throwing
 * Level 4.5 Armour
 + Level 5.3 Dodging
 + Level 2.7 Stealth
 * Level 6.0 Invocations


You had 9 spell levels left.
You didn't know any spells.
Your spell library contained the following spells:

 Spells                   Type           Power      Damage    Failure   Level
 Static Discharge         Conj/Air       0%         2-2/arc   47%         2
 Dazzling Flash           Conj/Hex       0%         N/A       71%         3
 Vhi's Electric Charge    Tloc/Air       0%         N/A       71%         3
 Agony                    Necr           0%         N/A       100%        5
 Arcjolt                  Conj/Air       0%         1d10      100%        5
 Lightning Bolt           Conj/Air       0%         1d11      100%        5
 Silence                  Hex/Air        0%         N/A       100%        5


Dungeon Overview and Level Annotations

Branches:
Dungeon (8/15)             Temple (1/1) D:4            Lair (0/5) D:8
Ossuary (visited)

Altars:
Ashenzari
Cheibriados
Fedhas
Gozag
Hepliaklqana
Makhleb
Nemelex Xobeh
Okawaru
Ru
Sif Muna
Trog
Vehumet
Wu Jian
Yredelemnul

Shops:
D:5 =

Annotations:
Temple 4 transporters


Innate Abilities, Weirdness & Mutations

You are completely covered in yellow scales. (AC +4, rCorr)
You sometimes emit foul miasma when damaged in melee.
You have a tail ending in a sharp stinger.


Message History

The freezing wraith completely misses you.
The freezing wraith misses you.
You barely miss the freezing wraith.
The freezing wraith is heavily damaged.
The freezing wraith closely misses you. The freezing wraith misses you.
You hit the freezing wraith but do no damage.
The freezing wraith is heavily damaged.
You barely miss the freezing wraith.
The freezing wraith is heavily damaged.
The freezing wraith completely misses you.
The freezing wraith hits you but does no damage.
You hit the freezing wraith.
You tail-slap the freezing wraith, but do no damage.
The freezing wraith is heavily damaged.
The freezing wraith hits you but does no damage.
The freezing wraith hits you! The freezing wraith drains your vigour!
You feel yourself slow down.
You hit the freezing wraith but do no damage.
The freezing wraith is heavily damaged.
The freezing wraith hits you. The freezing wraith freezes you! You resist.
* * * LOW HITPOINT WARNING * * *
The freezing wraith barely misses you.
You hit the freezing wraith but do no damage.
The freezing wraith is heavily damaged.
The freezing wraith closely misses you. x2
You hit the freezing wraith.
The freezing wraith is heavily damaged.
The freezing wraith hits you but does no damage.
The freezing wraith barely misses you.
You barely miss the freezing wraith.
The freezing wraith is heavily damaged.
The freezing wraith hits you.
* * * LOW HITPOINT WARNING * * *
The freezing wraith freezes you! You resist.
* * * LOW HITPOINT WARNING * * *
The freezing wraith hits you.
* * * LOW HITPOINT WARNING * * *
You feel yourself speed up. The freezing wraith closely misses you.
The freezing wraith hits you.
You die...

. ##### ##### #.... ##=)/## #....
#.....# #.... ##### #.....# ####.
....# #.....# #[ ....# #...# ####
....# ########W##### ##... ....#
##...##..@....# ###.... ....#
#.....#.......######...... #####
#.....'..8....#........... ##
#.....#.......#[........#.
.########...##.......'....#......
.##....#########'###.#.......#.#.
)##....# ##...##.#...#...#...
.......# #..)..#.#####...#...
.####'## #.....#.## #~......#


You could see a freezing wraith.

Vanquished Creatures
  A two-headed ogre (D:8)
  Joseph (D:7)
  Maggie (D:7)
  A rime drake (D:8)
  A slime creature (D:8)
  A steam dragon (D:8)
  A water moccasin (D:6)
  2 orc warriors
  A black bear (D:6)
  2 ice beasts
  An ogre (D:4)
  A centaur (D:6)
  2 wolves (D:8)
  A kobold brigand (D:7)
  Blork the orc (D:6)
  2 phantoms (D:5)
  3 elf zombies (Ossuary)
  A bullfrog (D:8)
  4 scorpions
  A howler monkey (D:7)
  A gnoll bouda (D:5)
  5 hounds
  An orc priest (D:8)
  An iguana (D:5)
  2 orc wizards (D:5)
  Natasha (twice) (D:3)
  2 hound zombies (Ossuary)
  5 mummies
  11 gnolls
  4 adders
  2 shadow imps
  A white imp (D:6)
  An ufetubus (D:4)
  2 adder zombies (Ossuary)
  3 dart slugs
  12 orcs
  2 endoplasms (D:3)
  2 giant cockroaches
  A gnoll zombie (Ossuary)
  5 goblins
  5 hobgoblins
  4 jackals
  10 kobolds
  2 quokkas
  5 ball pythons (D:1)
  5 bats
  5 frilled lizards
  A hobgoblin zombie (D:7)
  A jackal zombie (Ossuary)
  2 kobold zombies (Ossuary)
  An orc zombie (D:7)
  8 rats
  A rat zombie (Ossuary)
  A butterfly (D:4)
145 creatures vanquished.

Vanquished Creatures (others)
  3 plants (D:2)
3 creatures vanquished.

Grand Total: 148 creatures vanquished

Notes
Turn   | Place    | Note
-------+----------+-------------------------------------------
     0 | D:1      | acebull12 the Demonspawn Gladiator began the quest for the
                  | Orb.
     0 | D:1      | Reached XP level 1. HP: 16/16 MP: 1/1
   223 | D:1      | Reached skill level 3 in Polearms
   223 | D:1      | Gained mutation: You may rarely emit foul miasma when
                  | damaged in melee. [demonic ancestry]
   223 | D:1      | Reached XP level 2. HP: 21/22 MP: 2/2
  1152 | D:2      | Found a faded altar of an unknown god.
  1214 | D:2      | Reached XP level 3. HP: 22/27 MP: 3/3
  1794 | D:3      | Noticed Natasha
  1807 | D:3      | Killed Natasha
  1808 | D:3      | Reached skill level 1 in Armour
  1808 | D:3      | Gained mutation: You are partially covered in yellow
                  | scales. (AC +2) [demonic ancestry]
  1808 | D:3      | Reached XP level 4. HP: 6/33 MP: 4/4
  2015 | D:3      | Found a blossoming altar of Fedhas.
  2145 | D:3      | Noticed Natasha
  2166 | D:3      | Killed Natasha
  2167 | D:3      | Reached skill level 4 in Polearms
  2167 | D:3      | Reached skill level 1 in Stealth
  2333 | D:3      | Found a sparkling altar of Nemelex Xobeh.
  2355 | D:3      | Gained mutation: You sometimes emit foul miasma when
                  | damaged in melee. [demonic ancestry]
  2355 | D:3      | Reached XP level 5. HP: 39/39 MP: 5/5
  2696 | D:4      | Found a staircase to the Ecumenical Temple.
  2703 | Temple   | Entered the Ecumenical Temple
  2703 | Temple   | Found a transporter.
  2703 | Temple   | Found a transporter.
  2705 | Temple   | Found a transporter.
  2705 | Temple   | Found a transporter.
  2721 | Temple   | Became a worshipper of Warmaster Okawaru
  2870 | D:4      | Noticed an ogre
  2879 | D:4      | Killed an ogre
  2880 | D:4      | Reached skill level 1 in Invocations
  3356 | D:5      | Entered Level 5 of the Dungeon
  3449 | D:5      | Noticed an ice beast
  3463 | D:5      | Killed an ice beast
  3464 | D:5      | Reached XP level 6. HP: 42/46 MP: 5/7
  3555 | D:5      | Reached * piety under Okawaru
  3556 | D:5      | Reached skill level 5 in Polearms
  3689 | D:5      | Gained mutation: You have a small tail. [demonic ancestry]
  3689 | D:5      | Reached XP level 7. HP: 44/52 MP: 8/8
  3749 | D:5      | Reached skill level 6 in Polearms
  3802 | D:5      | Reached ** piety under Okawaru
  3813 | D:5      | Found Raodgh's One-of-a-Kind Rings.
  4004 | D:5      | Found an ornate altar of the Wu Jian Council.
  4092 | D:5      | Found a shimmering blue altar of Sif Muna.
  4464 | D:6      | Found a broken altar of Ashenzari.
  4553 | D:6      | Gained mutation: You are mostly covered in yellow scales.
                  | (AC +3) [demonic ancestry]
  4553 | D:6      | Reached XP level 8. HP: 60/60 MP: 10/10
  4940 | D:6      | Noticed Blork the orc
  4945 | D:6      | Killed Blork the orc
  5052 | D:6      | Reached skill level 7 in Polearms
  5338 | D:6      | Found a snail-covered altar of Cheibriados.
  5778 | D:7      | Found a sand-covered staircase.
  5789 | Ossuary  | Entered an ossuary
  6149 | Ossuary  | Reached *** piety under Okawaru
  6423 | D:7      | Noticed Joseph
  6451 | D:7      | Killed Joseph
  6452 | D:7      | Reached skill level 5 in Fighting
  6452 | D:7      | Reached skill level 8 in Polearms
  6452 | D:7      | Gained mutation: You have a tail ending in a sharp stinger.
                  | [demonic ancestry]
  6452 | D:7      | Reached XP level 9. HP: 55/68 MP: 12/12
  6478 | D:7      | Noticed Maggie
  6496 | D:7      | Killed Maggie
  7337 | D:8      | Reached skill level 5 in Invocations
  7380 | D:8      | Reached **** piety under Okawaru
  7485 | D:8      | Found a staircase to the Lair.
  7487 | D:8      | Noticed a rime drake
  7510 | D:8      | Killed a rime drake
  7510 | D:8      | Received a gift from Okawaru
  7511 | D:8      | Reached skill level 5 in Dodging
  7521 | D:8      | Reached skill level 9 in Polearms
  7600 | D:8      | Noticed a two-headed ogre
  7611 | D:8      | Killed a two-headed ogre
  7612 | D:8      | Gained mutation: You are completely covered in yellow
                  | scales. (AC +4, rCorr) [demonic ancestry]
  7612 | D:8      | Reached XP level 10. HP: 63/76 MP: 14/14
  7670 | D:8      | HP: 1/76 [freezing wraith (5)]
  7671 | D:8      | Slain by a freezing wraith

Illustrated notes

Levels and vault maps discovered:
D:1:      dpeg_arrival_snail, layout_loops_ring, bh_walls_and_bars
D:2:      wander_river, layout_loops_ring, ebering_ecumenical_altar_abandoned,
          serial_bayou_crossing
D:3:      layout_basic, fedhas_altar_2, mainiacjoe_overflow_catwalk,
          chequers_serial_rivers_large_b, uniq_natasha
D:4:      layout_loops_ring, minmay_temple_entry_butterflies
D:5:      layout_gridville, kennysheep_orc_sif_temple, kennysheep_mini_moat,
          nicolae_shop_unique_rings, minmay_chambers_of_fives
D:6:      layout_loops_corners, nicolae_overflow_crystal_walls,
          kennysheep_slug_shrine, uniq_blork_the_orc
D:7:      layout_basic, nicolae_ossuary_entry_giza, uniq_joseph, uniq_maggie
D:8:      layout_basic, hellmonk_lair_entry_icy, minmay_three_doors
Temple:   hellmonk_temple_divided_pantheon

Skill      XL: |  1  2  3  4  5  6  7  8  9 10 |
---------------+-------------------------------+-----
Polearms       | 3 4 5 6 8 9 |  9.4
Dodging        | 3 4 5 |  5.3
Armour         | 1 2 3 4 |  4.5
Stealth        | 1 2 |  2.7
Invocations    | 1 2 3 4 5 6 |  6.0
Fighting       | 3 4 5 |  5.9
Throwing       | |  1.8

Action                   |  1- 3 |  4- 6 |  7- 9 | 10-12 || total
-------------------------+-------+-------+-------+-------++-------
Melee: Trident           |   114 |   142 |   163 |       ||   419
       Tailslap          |       |       |    61 |     7 ||    68
       Punch             |       |       |    14 |     1 ||    15
       Spear             |       |       |   327 |    26 ||   353
  Use: Scroll            |       |       |    11 |       ||    11
       Potion            |       |       |       |     1 ||     1
 Stab: Sleeping          |     5 |     2 |     4 |     1 ||    12
       Distracted        |     1 |     1 |       |       ||     2
Armor: Leather armour    |    25 |    24 |   226 |       ||   275
       Chain mail        |       |    24 |       |       ||    24
       Steam dragon scal |       |       |    28 |    11 ||    39
Dodge: Dodged            |    70 |    65 |   447 |    14 ||   596

Table legend: (Time is in decaauts)
 A = Elapsed time spent in this place.
 B = Non-inter-level travel time spent in this place.
 C = Inter-level travel time spent in this place.
 D = Time resting spent in this place.
 E = Time spent auto-exploring this place.
 F = Levels seen in this place.
 G = Mean time per level.
                   A        B        C        D        E       F      G
               +--------+--------+--------+--------+--------+-----+--------+
         Total |   7692 |   6852 |    840 |    143 |   4996 |  10 |  769.2 |
       Dungeon |   7280 |   6440 |    840 |     43 |   4888 |   8 |  910.0 |
        Temple |     36 |     36 |      0 |      0 |      0 |   1 |   36.0 |
       Ossuary |    375 |    375 |      0 |    100 |    108 |   1 |  375.0 |
               +--------+--------+--------+--------+--------+-----+--------+

Top non-repeatable levels by time:
     D:6: 1235 daAuts
     D:1: 1060 daAuts
     D:7: 1017 daAuts
     D:5: 968 daAuts
     D:2: 839 daAuts
     D:3: 817 daAuts
     D:4: 774 daAuts
     D:8: 566 daAuts
 Ossuary: 375 daAuts
  Temple: 36 daAuts
